 Dungeon Crawl Stone Soup version 0.16.1-18-g436b03c (webtiles) character file.

39 noize the Skirmisher (level 3, -5/20 HPs)
             Began as a Vine Stalker Fighter on May 5, 2015.
             Slain by a gnoll
             ... wielding a +0 spear
              (6 damage)
             ... on level 2 of the Dungeon.
             The game lasted 00:01:29 (1286 turns).

noize the Skirmisher (Vine Stalker Fighter)         Turns: 1286, Time: 00:01:29

Health: -5/20      AC:  6    Str: 19    XL:     3   Next: 45%
Magic:  0/4        EV:  7    Int:  8    God:
Gold:   54         SH:  9    Dex: 13    Spells: 0 memorised, 2 levels left

rFire  . . .     SeeInvis .     a - +0 war axe
rCold  . . .     Clarity  .     b - +0 scale mail
rNeg   . . .     SustAb   .     c - +0 shield
rPois  .         Gourm    .     (no helmet)
rElec  .         Spirit   +     (no cloak)
rCorr  .         Warding  .     (no gloves)
rMut   .         Stasis   .     (no boots)
MR     .....                    (no amulet)
Stlth  ..........               (no ring)
                                (no ring)

@: not resistant to hostile enchantments, extremely unstealthy
A: fangs 2, regeneration 1, magic shield, antimagic bite, no device heal 3, rot
immunity
a: no special abilities


You were on level 2 of the Dungeon.
You were not hungry.

You visited 1 branch of the dungeon, and saw 2 of its levels.

You collected 54 gold pieces.

Inventory:

Hand weapons
 a - a +0 war axe (weapon)
Armour
 b - a +0 scale mail (worn)
 c - a +0 shield (worn)
Scrolls
 f - a scroll of recharging {unknown}
 g - a scroll of enchant armour {unknown}
 i - 4 scrolls of teleportation {unknown}
Potions
 e - a potion of might
Comestibles
 d - a bread ration
 h - 2 meat rations
 j - a chunk of flesh


   Skills:
 * Level 3.2 Fighting
 * Level 2.3 Axes
 + Level 2.6 Armour
 + Level 2.9 Shields


You had 2 spell levels left.
You didn't know any spells.

Dungeon Overview and Level Annotations

Branches:
Dungeon (2/15)

Altars:


Innate Abilities, Weirdness & Mutations

You have extremely sharp teeth.
Your natural rate of healing is unusually fast.
When hurt, damage is shared between your health and your magic reserves.
Your bite disrupts and absorbs the magic of your enemies.
Potions and wands cannot restore your health.
You are immune to rotting.


Message History

You closely miss the gnoll.
The gnoll shouts!
Your bite misses the gnoll. The gnoll barely misses you.
You barely miss the gnoll. You block the gnoll's attack.
The gnoll completely misses you.
You slash the gnoll! You bite the gnoll. You drain its power.
You feel invigorated.
The gnoll is almost dead.
The gnoll hits you from afar with a halberd!
* * * LOW HITPOINT WARNING * * *
The gnoll hits you but does no damage.
You barely miss the gnoll. You bite the gnoll. You drain its power.
You feel invigorated.
The gnoll is almost dead.
The gnoll hits you from afar with a halberd.
* * * LOW HITPOINT WARNING * * *
The gnoll hits you with a spear.
* * * LOW HITPOINT WARNING * * *
The gnoll hits you from afar with a spear!
You die...

...........#..#. .
............).... #.. .
.............##.##### . ...##
##.......#..............##...##
...........^.............# ...##
..............##.#.# #..# #..##
###.#...#.##.gg##.#.###..# #..##
.......†.#.##..g##.....#..# #..##
#......†.†......@..# #..# #..##
#.##.##.........##.#.###..###...#
#.##..........................
#.....(...........###..###.#..
#####.....#..............##....
.#................#####.........
................................
.#..(...........#.####..........
#..............#.#.............


You could see 3 gnolls.

Vanquished Creatures
  A gnoll (D:2)
  A worm (D:2)
  2 giant geckos (D:2)
  3 bats
  A giant cockroach (D:1)
  3 kobolds
  A quokka (D:2)
  2 giant newts (D:1)
  3 goblins (D:1)
  4 jackals (D:2)
  3 rats
24 creatures vanquished.

Notes
Turn   | Place    | Note
--------------------------------------------------------------
     0 | D:1      | noize, the Vine Stalker Fighter, began the quest for the Orb.
     0 | D:1      | Reached XP level 1. HP: 11/11 MP: 1/1
   305 | D:1      | Reached XP level 2. HP: 14/16 MP: 3/3
   970 | D:1      | Reached skill level 3 in Fighting
  1242 | D:2      | Reached XP level 3. HP: 18/20 MP: 4/4
  1286 | D:2      | HP: 1/20 [gnoll/spear (4)]
  1286 | D:2      | Slain by a gnoll

Action                   || total
-------------------------++-------
Melee: War axe           ||    70
  Eat: Chunk             ||     1
